 Dungeon Crawl Stone Soup version 0.28-a0-1002-gf00fe891ef (webtiles) character file.

Game seed: 5489850779834476724

240 McGhostyFace the Magician (level 6, 0/44 HPs)
             Began as a Gnoll Hedge Wizard on Dec 7, 2021.
             Succumbed to a kobold brigand's poison
             ... in a sewer.
             The game lasted 00:07:29 (3989 turns).

McGhostyFace the Magician (Gnoll Hedge Wizard)      Turns: 3989, Time: 00:07:29

Health: 0/44       AC:  3    Str: 10    XL:     6   Next: 8%
Magic:  0/16       EV: 13    Int: 15    God:
Gold:   1315       SH:  0    Dex: 11    Spells: 8/19 levels left

rFire   . . .      SeeInvis .   a - +1 dagger
rCold   . . .      Faith    .   (no shield)
rNeg    . . .      Spirit   .   b - +0 robe
rPois   .          Reflect  .   c - +1 hat
rElec   .          Harm     .   (no cloak)
rCorr   .          Rampage  .   (no gloves)
Will    .....                   (no boots)
Stlth   +.........              (no amulet)
HPRegen 0.14/turn               (no ring)
MPRegen 0.15/turn               (no ring)

@: lethally poisoned (0 -> -14), very slow
A: fangs 1, strong nose, distributed training
a: no special abilities


You were in a sewer.
You visited 1 branch of the dungeon, and saw 3 of its levels.
You also visited: Sewer.

You collected 1315 gold pieces.

Inventory:

Hand Weapons
 a - a +1 dagger (weapon)
Missiles
 g - a javelin (quivered)
Armour
 b - a +0 robe (worn)
 c - a +1 hat (worn)
Scrolls
 f - a scroll of identify
 h - a scroll of enchant armour


   Skills:
 + Level 1.8 Fighting
 + Level 1.8 Short Blades
 + Level 1.8 Long Blades
 + Level 1.8 Axes
 + Level 1.8 Maces & Flails
 + Level 1.8 Polearms
 + Level 1.8 Staves
 + Level 1.8 Slings
 + Level 1.8 Bows
 + Level 1.8 Crossbows
 + Level 1.8 Throwing
 + Level 1.8 Armour
 + Level 4.9 Dodging
 + Level 4.5 Stealth
 + Level 1.8 Shields
 + Level 1.8 Unarmed Combat
 + Level 7.3 Spellcasting
 + Level 2.5 Conjurations
 + Level 1.4 Hexes
 + Level 2.5 Summonings
 + Level 1.4 Necromancy
 + Level 2.5 Translocations
 + Level 1.4 Transmutations
 + Level 1.4 Fire Magic
 + Level 1.4 Ice Magic
 + Level 1.4 Air Magic
 + Level 1.4 Earth Magic
 + Level 1.4 Poison Magic
 + Level 2.0 Invocations
 + Level 1.8 Evocations


You had 8 spell levels left.
You knew the following spells:

 Your Spells              Type           Power      Damage    Failure   Level
a - Magic Dart            Conj           52%        1d5       4%          1
b - Blink                 Tloc           26%        N/A       7%          2
c - Call Imp              Summ           13%        N/A       7%          2
d - Conjure Flame         Conj/Fire      11%        6-21      17%         3
e - Mephitic Cloud        Conj/Pois/Air  10%        N/A       19%         3

Your spell library contained the following spells:

 Spells                   Type           Power      Damage    Failure   Level
 Slow                     Hex            36%        N/A       7%          1


Dungeon Overview and Level Annotations

Branches:
Dungeon (3/15)              Sewer (1/1)

Altars:


Innate Abilities, Weirdness & Mutations

You have very sharp teeth.
Your uncanny sense of smell can sniff out nearby items.
Your experience applies equally to all skills.


Message History

Aiming: Magic Dart (safe; 4% risk of failure)
Press: ? - help, Shift-Dir - straight line, f - kobold brigand
Aim: a kobold brigand, wielding a +0 dagger and quivering poisoned darts (almost dead, 100% to hit)
The magic dart hits the kobold brigand.
The kobold brigand is almost dead.
Casting: Magic Dart (safe; 4% risk of failure)
Confirm with . or Enter, or press ? or * to list all spells.
You don't have enough magic to cast this spell.
Unknown command.
Casting: Magic Dart (safe; 4% risk of failure)
Confirm with . or Enter, or press ? or * to list all spells.
Aiming: Magic Dart (safe; 4% risk of failure)
Press: ? - help, Shift-Dir - straight line, f/p - kobold brigand
Aim: a kobold brigand, wielding a +0 dagger and quivering poisoned darts (almost dead, 100% to hit)
The magic dart hits the kobold brigand but does no damage.
The kobold brigand is almost dead.
The kobold brigand throws a poisoned dart.
The poisoned dart closely misses you.
The kobold brigand throws a poisoned dart.
The poisoned dart hits you!
You are lethally poisoned!
You aren't carrying any potions.
* * * LOW HITPOINT WARNING * * *
You feel sick.
You enter the shallow water.
Moving in this stuff is going to be slow.
* * * LOW HITPOINT WARNING * * *
You feel sick.
The kobold brigand throws a poisoned dart.
The poisoned dart hits you!
You are more poisoned.
You aren't carrying any items that you can evoke.
Unknown command.
Throw: 2 javelins
Press: ? - help, Q - select action, (/) - cycle Shift-Dir - straight line, f/p - kobold brigand
Aim: a kobold brigand, wielding a +0 dagger and quivering poisoned darts (almost dead, 45% to hit)
You throw a javelin.
The javelin barely misses the kobold brigand.
You hear a splash.
You die...

≈.# #≈. ≈≈.## ##.. ##
≈≈≈.#####.≈≈≈ #####≈ ######
.≈..≈≈.≈.≈.≈ #######≈≈.≈. ≈≈.≈.##
#..≈≈≈≈≈≈.# ##..≈≈.≈≈###≈ ≈≈..≈.#
#≈.≈≈...# #.≈.≈..≈.# ##
.)≈.≈≈####≈≈≈.≈≈≈####.≈...≈.≈###≈
###.≈..##≈.≈.≈≈.@≈##.≈..####≈≈≈.≈
##..≈≈≈...≈≈...≈≈.≈≈≈## #####.
##.≈≈.≈≈...≈..≈≈.≈≈## ##
#≈≈≈≈.≈.K...≈≈≈.≈≈#
#.≈≈≈≈≈.∩.∩.≈..≈≈≈#
#.≈..(........≈≈≈≈#
##≈≈..≈≈.≈....≈≈≈.≈## ##
##..≈≈≈.≈.≈....≈≈≈≈..## #####≈
###.≈..##...≈≈≈.≈.##≈≈.≈####.≈≈≈≈


You could see a kobold brigand.

Vanquished Creatures
  A kobold brigand (Sewer)
  2 adders (Sewer)
  A river rat (Sewer)
  A dart slug (D:1)
  5 worms
  5 ball pythons
  5 bats
  3 endoplasms
  4 giant cockroaches
  8 goblins
  2 hobgoblins
  6 quokkas (D:1)
  A frilled lizard (D:2)
  8 kobolds
  5 rats
57 creatures vanquished.

Vanquished Creatures (collateral kills)
  A kobold brigand (Sewer)
  A rat (Sewer)
2 creatures vanquished.

Grand Total: 59 creatures vanquished

Notes
Turn   | Place    | Note
-------+----------+-------------------------------------------
     0 | D:1      | McGhostyFace the Gnoll Hedge Wizard began the quest for the
                  | Orb.
     0 | D:1      | Reached XP level 1. HP: 13/13 MP: 8/8
   290 | D:1      | Reached XP level 2. HP: 19/19 MP: 5/10
   845 | D:1      | Reached XP level 3. HP: 25/25 MP: 4/11
  1585 | D:2      | Reached skill level 1 in Invocations
  2363 | D:3      | Identified a scroll of acquirement
  2363 | D:3      | Acquired 1214 gold pieces
  2408 | D:3      | Reached skill level 1 in Fighting
  2408 | D:3      | Reached skill level 1 in Short Blades
  2408 | D:3      | Reached skill level 1 in Long Blades
  2408 | D:3      | Reached skill level 1 in Axes
  2408 | D:3      | Reached skill level 1 in Maces & Flails
  2408 | D:3      | Reached skill level 1 in Polearms
  2408 | D:3      | Reached skill level 1 in Staves
  2408 | D:3      | Reached skill level 1 in Slings
  2408 | D:3      | Reached skill level 1 in Bows
  2408 | D:3      | Reached skill level 1 in Crossbows
  2408 | D:3      | Reached skill level 1 in Throwing
  2408 | D:3      | Reached skill level 1 in Armour
  2408 | D:3      | Reached skill level 1 in Shields
  2408 | D:3      | Reached skill level 1 in Unarmed Combat
  2408 | D:3      | Reached skill level 1 in Evocations
  2467 | D:3      | Found a faded altar of an unknown god.
  2559 | D:3      | Found a glowing drain.
  2573 | Sewer    | Entered a sewer
  2606 | Sewer    | Learned a level 2 spell: Blink
  2609 | Sewer    | Learned a level 2 spell: Call Imp
  2613 | Sewer    | Learned a level 3 spell: Conjure Flame
  2617 | Sewer    | Learned a level 3 spell: Mephitic Cloud
  2755 | Sewer    | Reached XP level 4. HP: 32/32 MP: 0/13
  3247 | Sewer    | Noticed a kobold brigand
  3282 | Sewer    | Killed a kobold brigand
  3283 | Sewer    | Reached skill level 1 in Hexes
  3283 | Sewer    | Reached skill level 1 in Necromancy
  3283 | Sewer    | Reached skill level 1 in Transmutations
  3283 | Sewer    | Reached skill level 1 in Fire Magic
  3283 | Sewer    | Reached skill level 1 in Ice Magic
  3283 | Sewer    | Reached skill level 1 in Air Magic
  3283 | Sewer    | Reached skill level 1 in Earth Magic
  3283 | Sewer    | Reached skill level 1 in Poison Magic
  3283 | Sewer    | Reached XP level 5. HP: 9/37 MP: 5/14
  3581 | Sewer    | Noticed a kobold brigand
  3609 | Sewer    | Killed a kobold brigand
  3756 | Sewer    | Reached XP level 6. HP: 43/44 MP: 11/16
  3989 | Sewer    | Succumbed to a kobold brigand's poison

Illustrated notes

Levels and vault maps discovered:
D:1:      minmay_arrival_radiant_lines, layout_rooms, minivault_11
D:2:      layout_basic, mrwooster_statue_mirror, minivault_19
D:3:      layout_rooms, nicolae_overflow_ecumenical_swirl,
          cheibrodos_sewer_entry_drain, st_stairs_1
Sewer:    sewer_co_tree

Skill      XL: |  1  2  3  4  5  6 |
---------------+-------------------+-----
Conjurations   | 2 |  2.5
Summonings     | 2 |  2.5
Translocations | 2 |  2.5
Invocations    | 1 2 |  2.0
Fighting       | 1 |  1.8
Short Blades   | 1 |  1.8
Long Blades    | 1 |  1.8
Axes           | 1 |  1.8
Maces & Flails | 1 |  1.8
Polearms       | 1 |  1.8
Staves         | 1 |  1.8
Slings         | 1 |  1.8
Bows           | 1 |  1.8
Crossbows      | 1 |  1.8
Throwing       | 1 |  1.8
Armour         | 1 |  1.8
Shields        | 1 |  1.8
Unarmed Combat | 1 |  1.8
Evocations     | 1 |  1.8
Hexes          | 1 |  1.4
Necromancy     | 1 |  1.4
Transmutations | 1 |  1.4
Fire Magic     | 1 |  1.4
Ice Magic      | 1 |  1.4
Air Magic      | 1 |  1.4
Earth Magic    | 1 |  1.4
Poison Magic   | 1 |  1.4
Dodging        | |  4.9
Stealth        | |  4.5
Spellcasting   | |  7.3

Action                   |  1- 3 |  4- 6 || total
-------------------------+-------+-------++-------
Melee: Dagger            |    10 |    45 ||    55
       Bite              |       |     2 ||     2
Throw: Javelin           |       |     1 ||     1
 Cast: Magic Dart        |   130 |    38 ||   168
       Mephitic Cloud    |       |     7 ||     7
       Call Imp          |       |     5 ||     5
       Blink             |       |     2 ||     2
  Use: Scroll            |     6 |       ||     6
       Potion            |       |     3 ||     3
 Stab: Sleeping          |     4 |       ||     4
       Confused          |       |     2 ||     2
Armor: Robe              |     4 |     3 ||     7
Dodge: Dodged            |    24 |    37 ||    61

Table legend: (Time is in decaauts)
 A = Elapsed time spent in this place.
 B = Non-inter-level travel time spent in this place.
 C = Inter-level travel time spent in this place.
 D = Time resting spent in this place.
 E = Time spent auto-exploring this place.
 F = Levels seen in this place.
 G = Mean time per level.
                   A        B        C        D        E       F      G
               +--------+--------+--------+--------+--------+-----+--------+
         Total |   4084 |   4081 |      3 |   1987 |   1571 |   4 | 1021.0 |
       Dungeon |   2575 |   2572 |      3 |   1010 |   1256 |   3 |  858.3 |
         Sewer |   1509 |   1509 |      0 |    977 |    315 |   1 | 1509.0 |
               +--------+--------+--------+--------+--------+-----+--------+

Top non-repeatable levels by time:
     D:1: 1538 daAuts
   Sewer: 1509 daAuts
     D:2: 828 daAuts
     D:3: 209 daAuts
